 Dungeon Crawl Stone Soup version 0.21.1-1-g345015f (webtiles) character file.

4160 wilfster70 the Grappler (level 10, -4/98 HPs)
             Began as a Troll Monk on July 20, 2018.
             Was a High Priest of Okawaru.
             Slain by a slave (5 damage)
             ... led by Pikel
             ... on level 8 of the Dungeon.
             The game lasted 00:22:52 (7143 turns).

wilfster70 the Grappler (Troll Monk)                Turns: 7143, Time: 00:22:53

Health: -4/98      AC:  7    Str: 21    XL:     10   Next: 7%
Magic:  12/12      EV: 12    Int:  9    God:    Okawaru [*****.]
Gold:   389        SH:  0    Dex: 12    Spells: 9/9 levels left

rFire    + . .     SeeInvis .     - Unarmed
rCold    + . .     Gourm    +   (no shield)
rNeg     . . .     Faith    .   a - +0 robe
rPois    .         Spirit   .   o - +2 hat
rElec    .         Reflect  .   n - scarf {rC+ rF+}
rCorr    .         Harm     .   (gloves unavailable)
MR       .....                  (boots unavailable)
Stlth    ++........             r - amulet of magic regeneration
HPRegen  0.66/turn              (no ring)
MPRegen  0.38/turn              (no ring)

@: no status effects
A: large, unfitting armour, claws 3, fast metabolism 3, gourmand, regeneration
1, shaggy fur 1, tough skin 2
a: Heroism, Finesse, Renounce Religion


You were on level 8 of the Dungeon.
You worshipped Okawaru.
Okawaru was extremely pleased with you.
You were full.

You visited 1 branch of the dungeon, and saw 8 of its levels.
You also visited: Sewer.

You collected 389 gold pieces.

Inventory:

Hand Weapons
 b - a +0 dire flail
 w - the +10 broad axe of Armageddon {chop, SInv Stlth+}
   (You found it on level 6 of the Dungeon)

   It inflicts extra damage upon your enemies.
   It lets you see invisible.
   It makes you more stealthy.
Missiles
 c - 12 tomahawks
 d - 27 sling bullets
 e - 207 stones
 B - 5 poisoned javelins (quivered)
Armour
 a - a +0 robe (worn)
 n - a scarf of resistance (worn)
 o - a +2 hat (worn)
 u - a +2 cloak
Jewellery
 r - an amulet of magic regeneration (around neck)
Wands
 i - a wand of iceblast (6)
 v - a wand of disintegration (16)
 C - a wand of paralysis (10)
Scrolls
 f - a scroll of magic mapping
 g - a scroll of blinking
 h - a scroll of remove curse
 j - a scroll of amnesia
 p - a scroll of enchant armour
 q - 2 scrolls of teleportation
 y - a scroll of brand weapon {unknown}
Potions
 k - 8 potions of curing
 l - 2 potions of heal wounds
 m - a potion of flight
 s - 3 potions of invisibility
 t - a potion of brilliance
 x - a potion of might {unknown}
 A - a potion of lignification
Comestibles
 z - 13 rations


   Skills:
 + Level 6.1 Fighting
 - Level 3.0 Throwing
 + Level 6.0 Dodging
 - Level 1.0 Stealth
 * Level 9.9 Unarmed Combat
 + Level 4.1 Invocations


You had 9 spell levels left.
You didn't know any spells.

Dungeon Overview and Level Annotations

Branches:
Dungeon (8/15)             Temple (0/1) D:6
   Lair: D:8-11

Altars:
Fedhas
Hepliaklqana
Makhleb
Okawaru
Yredelemnul
Zin

Annotations:
D:8 Pikel


Innate Abilities, Weirdness & Mutations

You are too large for most types of armour.
You have claws for hands.
Your metabolism is lightning-fast.
You like to eat raw meat.
Your natural rate of healing is unusually fast.
You are covered in fur. (AC +1)
You have very tough skin. (AC +2)


Message History

* * * LOW HITPOINT WARNING * * *
The slave hits you.
* * * LOW HITPOINT WARNING * * *
The slave closely misses you. Pikel hits you with a whip of freezing!
* * * LOW HITPOINT WARNING * * *
Pikel freezes you.
* * * LOW HITPOINT WARNING * * *
You feel much better. The slave misses you. The slave hits you!
* * * LOW HITPOINT WARNING * * *
The slave barely misses you. Pikel closely misses you.
The slave barely misses you.
You claw Pikel!
Pikel is moderately wounded.
The slave barely misses you. The slave closely misses you. x2
Pikel hits you with a whip of freezing!
* * * LOW HITPOINT WARNING * * *
Pikel freezes you.
* * * LOW HITPOINT WARNING * * *
The slave hits you.
You die...

##...######
#...# #...#
#...#
#...######
##.......##
#..)#.......
#.pp#.......
##@pl.......
#Kp........
##.........
#....≈.###
#......#
##.....#
....## ....#


You could see Pikel, 4 slaves and an iguana.

Vanquished Creatures
  Grinder (D:4)
  Sigmund (D:4)
  Eustachio (D:4)
  A hungry ghost (D:7)
  The ghost of grocchini the Spear-Bearer, an amateur MfSk (D:3)
  Menkaure (D:4)
  A water moccasin (D:5)
  5 sky beasts
  An ice beast (D:6)
  3 phantoms
  5 ogres
  7 big kobolds (Sewer)
  3 bullfrogs
  2 scorpions
  A crimson imp (D:8)
  A jelly (D:5)
  A bullfrog zombie (D:7)
  2 bullfrog skeletons
  A centaur skeleton (D:7)
  2 orc priests
  8 hounds
  3 orc wizards
  5 worker ants
  2 hound zombies
  3 hound skeletons
  10 gnolls
  A howler monkey skeleton (D:4)
  2 river rats
  9 adders
  A shadow imp (D:5)
  8 oozes
  An adder skeleton (D:4)
  10 worms
  5 dart slugs
  8 leopard geckos
  21 orcs
  3 ball pythons
  8 giant cockroaches
  5 goblins
  12 hobgoblins
  4 jackals
  10 kobolds
  3 quokkas
  8 bats
  8 frilled lizards
  A jackal skeleton (D:5)
  2 leopard gecko skeletons
  2 quokka skeletons
  12 rats
  A spectral orc (D:3)
217 creatures vanquished.

Notes
Turn   | Place    | Note
-------+----------+-------------------------------------------
     0 | D:1      | wilfster70 the Troll Monk began the quest for the Orb.
     0 | D:1      | Reached XP level 1. HP: 22/22 MP: 0/0
   104 | D:1      | Reached XP level 2. HP: 29/29 MP: 1/1
   657 | D:1      | Reached XP level 3. HP: 31/36 MP: 2/2
   909 | D:1      | Reached skill level 1 in Throwing
  1044 | D:2      | Found an iron altar of Okawaru.
  1547 | D:2      | Became a worshipper of Warmaster Okawaru
  1547 | D:2      | Reached * piety under Okawaru
  1547 | D:2      | Reached ** piety under Okawaru
  1613 | D:3      | Reached XP level 4. HP: 34/44 MP: 3/3
  1731 | D:3      | Reached skill level 4 in Unarmed Combat
  1764 | D:3      | Found a hazy altar of Hepliaklqana.
  1764 | D:3      | Found a blossoming altar of Fedhas.
  2190 | D:3      | Noticed grocchini's ghost (amateur MfSk)
  2219 | D:3      | Killed grocchini's ghost
  2219 | D:3      | Reached XP level 5. HP: 26/53 MP: 4/4
  2378 | D:3      | Found a basalt altar of Yredelemnul.
  2686 | D:4      | Reached XP level 6. HP: 61/61 MP: 5/5
  2815 | D:4      | Found a glowing drain.
  2819 | Sewer    | Entered a sewer
  2843 | Sewer    | Reached skill level 5 in Unarmed Combat
  2851 | Sewer    | Reached *** piety under Okawaru
  2925 | Sewer    | Reached XP level 7. HP: 60/68 MP: 6/6
  3290 | Sewer    | Reached skill level 6 in Unarmed Combat
  3517 | D:4      | Noticed Eustachio
  3536 | D:4      | Killed Eustachio
  3536 | D:4      | Reached **** piety under Okawaru
  3536 | D:4      | Reached XP level 8. HP: 19/79 MP: 5/7
  3854 | D:4      | Reached skill level 7 in Unarmed Combat
  3865 | D:4      | Noticed Sigmund
  3876 | D:4      | Killed Sigmund
  3898 | D:4      | Noticed Menkaure
  3901 | D:4      | Killed Menkaure
  3901 | D:4      | Received a gift from Okawaru
  3901 | D:4      | Reached skill level 1 in Invocations
  4039 | D:4      | Noticed Grinder
  4043 | D:4      | Paralysed by Grinder for 4 turns
  4056 | D:4      | Killed Grinder
  4056 | D:4      | Reached skill level 5 in Fighting
  4056 | D:4      | Reached skill level 8 in Unarmed Combat
  4187 | D:4      | Reached skill level 5 in Dodging
  4389 | D:4      | Reached XP level 9. HP: 69/88 MP: 9/9
  4494 | D:5      | Entered Level 5 of the Dungeon
  4770 | D:5      | Reached ***** piety under Okawaru
  5381 | D:5      | Received a gift from Okawaru
  5502 | D:6      | Found a staircase to the Ecumenical Temple.
  5523 | D:6      | Found a glowing silver altar of Zin.
  5603 | D:6      | Got an encrusted broad axe
  5604 | D:6      | Identified the +10 broad axe of Armageddon {chop, SInv Stlth+} (You found it on level 6 of the Dungeon)
  5642 | D:6      | Reached skill level 9 in Unarmed Combat
  5685 | D:6      | Found a burning altar of Makhleb.
  6642 | D:7      | Received a gift from Okawaru
  6841 | D:7      | Reached XP level 10. HP: 98/98 MP: 12/12
  7133 | D:8      | Noticed Pikel
  7141 | D:8      | HP: 2/98 [Pikel/whip of freezing (7)]
  7143 | D:8      | Slain by a slave

Skill      XL: |  1  2  3  4  5  6  7  8  9 10 |
---------------+-------------------------------+-----
Throwing       | 1 2 3 |  3.0
Unarmed Combat | 4 5 6 8 9 |  9.9
Fighting       | 3 4 5 6 |  6.1
Dodging        | 3 4 5 6 |  6.0
Invocations    | 2 4 |  4.1
Stealth        | |  1.0

Action                   |  1- 3 |  4- 6 |  7- 9 | 10-12 || total
-------------------------+-------+-------+-------+-------++-------
Melee: Unarmed           |   136 |   125 |   372 |    31 ||   664
       Punch             |       |     2 |     6 |     2 ||    10
Invok: Heroism           |       |     1 |     3 |       ||     4
  Use: Scroll            |       |     6 |    13 |       ||    19
       Potion            |       |       |       |     1 ||     1
 Stab: Sleeping          |     2 |     1 |     5 |       ||     8
  Eat: Chunk             |    20 |    12 |    35 |     6 ||    73
Armor: Robe              |    45 |    37 |   102 |    11 ||   195
Dodge: Dodged            |    62 |    45 |   194 |    24 ||   325
